 Dungeon Crawl Stone Soup version 0.17.0-25-gefc9c12 (console) character file.

5342 gw the Basher (level 10, -9/94 HPs)
             Began as a Deep Dwarf Berserker on Nov 18, 2015.
             Was a High Priest of Trog.
             Mangled by a skeletal warrior
             ... wielding a +0 flail
              (22 damage)
             ... on level 12 of the Dungeon.
             The game lasted 00:06:45 (7201 turns).

gw the Basher (Deep Dwarf Berserker)                Turns: 7201, Time: 00:06:45

Health: -9/94      AC: 17    Str: 22    XL:     10   Next: 38%
Magic:  0/0        EV:  7    Int:  7    God:    Trog [*****.]
Gold:   368        SH:  0    Dex: 15    Spells: 0 memorised, 9 levels left

rFire  . . .     SeeInvis .     a - +0 dire flail
rCold  . . .     Clarity  .     w - +0 plate armour
rNeg   . . .     SustAt   .     (shield currently unavailable)
rPois  +         Gourm    .     s - +1 helmet
rElec  .         Spirit   .     (no cloak)
rCorr  .         Warding  .     (no gloves)
rMut   .         Stasis   .     (no boots)
MR     +....                    l - amulet of faith
Stlth  ..........               n - +2 ring of protection
                                j - ring of poison resistance

@: non-regenerating, somewhat resistant to hostile enchantments, extremely
unstealthy
A: damage resistance, recharge devices, sense surroundings 2, slow regeneration
3
a: Device Recharging, Berserk, Trog's Hand, Brothers in Arms, Burn Spellbooks,
Renounce Religion


You were on level 12 of the Dungeon.
You worshipped Trog.
Trog was extremely pleased with you.
You were very hungry.

You visited 1 branch of the dungeon, and saw 9 of its levels.

You collected 368 gold pieces.

Inventory:

Hand Weapons
 a - a +0 dire flail (weapon)
 b - a -2 arbalest
Missiles
 k - 22 bolts of frost
 r - 29 bolts
Armour
 s - a +1 helmet (worn)
 w - a +0 plate armour (worn)
Jewellery
 j - a ring of poison resistance (left hand)
 l - an amulet of faith (around neck)
 n - a +2 ring of protection (right hand)
Wands
 c - a wand of heal wounds (0)
 g - a wand of fireball (5)
Scrolls
 e - 3 scrolls of identify
 f - 2 scrolls of remove curse
 i - a scroll of brand weapon {unknown}
 m - a scroll of immolation
 t - a scroll of teleportation
Potions
 p - a potion of agility
Books
 v - a book of Geomancy

   Spells                             Type                      Level
   a - Sandblast                      Earth                        1
   b - Stoneskin                      Transmutation/Earth          2
   c - Passwall                       Transmutation/Earth          3
   d - Stone Arrow                    Conjuration/Earth            3
   e - Petrify                        Transmutation/Earth          4
   f - Lee's Rapid Deconstruction     Earth                        5
   Trog disapproves of the use of such an item.
Comestibles
 d - 2 bread rations
 o - 3 fruits
 q - a meat ration
 u - a beef jerky


   Skills:
 + Level 7.0 Fighting
 * Level 10.3 Maces & Flails
 + Level 6.6 Crossbows
 + Level 7.8 Armour
 - Level 2.1 Dodging
 + Level 3.4 Evocations


You had 9 spell levels left.
You didn't know any spells.

Dungeon Overview and Level Annotations

Branches:
Dungeon (12/15)            Temple (0/1) D:7            Lair (0/8) D:8
    Orc: D:9-12

Altars:
Dithmenos
Elyvilon
Fedhas
Makhleb
Qazlal
Ru
Yredelemnul

Shops:
D:9 (


Innate Abilities, Weirdness & Mutations

You are resistant to damage.
You can recharge devices by infusing magical energy.
You passively map the area around you.
You do not regenerate naturally.


Message History

ATTACK MOVE TO (-1,-1)
You closely miss the skeletal warrior.
The skeletal warrior is almost destroyed.
The wight hits you with a battleaxe.
The skeletal warrior hits you with a trident.
Something hits you but does no damage.
The skeletal warrior hits you but does no damage.
ATTACK MOVE TO (-1,-1)
You puncture the skeletal warrior!
You destroy the skeletal warrior!
Your Fighting skill increases to level 7!
Your Evocations skill increases to level 3!
The skeletal warrior hits you with a flail!
Something hits you but does no damage. The wight hits you but does no damage.
ATTACK MOVE TO (0,1)
You puncture the wight!
The wight is heavily damaged.
The skeletal warrior hits you but does no damage.
The skeletal warrior hits you with a flail!!
You die...

,, , ,** * , ,
,,, *,, , * , **
, ,, ,, * # *# ,,
, **### .##(. , #
* ###.##...(. , ,
,
...####...<......
#....)..z..(#...,
, * ###
#.gz........ * *
* ,
....#{z..?.##...
* ,
....>..))####..#
,
........##.....#
, ,
......###.(......
, ..$..#
##..##.##. , ,
.....###...# ** *
, .....#))..## ,
...##.#.## #


You could see 2 skeletal warriors and a wight.

Table legend:
 A = Turns spent in this place as a percentage of turns spent in the entire game.
 B = Non-inter-level travel turns spent in this place as a percentage of non-inter-level travel turns spent in the entire game.
 C = Inter-level travel turns spent in this place as a percentage of turns spent in this place.
 D = Turns resting spent in this place as a percentage of non-inter-level travel turns spent in this place.
 E = Turns spent auto-exploring this place as a percentage of non-inter-level travel turns spent in this place.
 F = Non-inter-level travel turns spent in this place divided by the number of levels of this place that you've seen.
                   A       B       C       D       E      F
               +-------+-------+-------+-------+-------+----------------------
         Total | 100.0 | 100.0 |   0.5 |   0.1 |   2.2 | 1424.8
       Dungeon | 100.0 | 100.0 |   0.5 |   0.1 |   2.2 | 1424.8
               +-------+-------+-------+-------+-------+----------------------

Table legend:
 A = Kills in this place as a percentage of kills in entire the game.
 B = Kills by you in this place as a percentage of kills by you in the entire game.
 C = Kills by friends in this place as a percentage of kills by friends in the entire game.
 D = Other kills in this place as a percentage of other kills in the entire game.
 E = Experience gained in this place as a percentage of experience gained in the entire game.
 F = Experience gained in this place divided by the number of levels of this place that you have seen.
                   A       B       C       D       E      F
               +-------+-------+-------+-------+-------+----------------------
         Total | 100.0 | 100.0 |  -nan |  -nan | 100.0 | 848.0
       Dungeon | 100.0 | 100.0 |  -nan |  -nan | 100.0 | 848.0
               +-------+-------+-------+-------+-------+----------------------

Vanquished Creatures
  2 skeletal warriors (D:12)
  A hill giant (D:12)
  A troll (D:9)
  2 wyverns
  A hungry ghost (D:8)
  A hippogriff (D:8)
  2 ice beasts
  Purgy (D:3)
  A wasp (D:4)
  2 phantoms (D:8)
  2 orc warriors (D:8)
  A centaur (D:7)
  2 sky beasts
  3 ogres
  A big kobold (D:8)
  A giant frog (D:8)
  A gnoll sergeant (D:8)
  2 scorpions
  9 killer bees
  A water moccasin skeleton (D:8)
  3 wights (D:12)
  3 jellies
  An orc priest (D:7)
  2 hounds (D:8)
  6 crimson imps
  4 orc wizards
  An iguana (D:9)
  4 worker ants
  Robin (D:3)
  8 gnolls (D:8)
  8 adders
  A shadow imp (D:6)
  5 worms
  2 giant geckos
  19 orcs
  3 ball pythons
  9 giant cockroaches
  2 gnoll zombies (D:3)
  22 goblins
  8 hobgoblins
  7 jackals
  4 quokkas
  2 bats (D:2)
  5 giant newts
  10 kobolds
  7 rats
184 creatures vanquished.

Notes
Turn   | Place    | Note
--------------------------------------------------------------
     0 | D:1      | gw the Deep Dwarf Berserker began the quest for the Orb.
     0 | D:1      | Reached XP level 1. HP: 20/20 MP: 1/1
   305 | D:1      | Reached XP level 2. HP: 21/27 MP: 2/2
  1355 | D:2      | Reached skill level 1 in Evocations
  1374 | D:2      | Reached ** piety under Trog
  1390 | D:2      | Reached XP level 3. HP: 33/33 MP: 3/3
  1578 | D:2      | Reached skill level 4 in Maces & Flails
  2390 | D:3      | Noticed Robin
  2415 | D:3      | Reached XP level 4. HP: 20/40 MP: 5/5
  2445 | D:3      | Killed Robin
  2565 | D:3      | Found a basalt altar of Yredelemnul.
  2764 | D:3      | Noticed Purgy
  2784 | D:3      | Killed Purgy
  2784 | D:3      | Reached skill level 5 in Maces & Flails
  2784 | D:3      | Reached XP level 5. HP: 29/49 MP: 6/6
  2969 | D:3      | Reached *** piety under Trog
  3391 | D:4      | Noticed a wasp
  3415 | D:4      | Killed a wasp
  3415 | D:4      | Reached XP level 6. HP: 44/57 MP: 7/7
  3470 | D:4      | You fall through a shaft for 2 floors!
  3718 | D:6      | Reached skill level 6 in Maces & Flails
  4448 | D:7      | Found a staircase to the Ecumenical Temple.
  4498 | D:7      | Reached skill level 1 in Crossbows
  4498 | D:7      | Reached XP level 7. HP: 38/63 MP: 7/7
  4551 | D:7      | Reached **** piety under Trog
  4666 | D:7      | Found a sacrificial altar of Ru.
  4678 | D:7      | Found a burning altar of Makhleb.
  4818 | D:7      | Reached skill level 7 in Maces & Flails
  4885 | D:7      | Found a shadowy altar of Dithmenos.
  5234 | D:8      | Reached skill level 5 in Armour
  5234 | D:8      | Reached XP level 8. HP: 47/73 MP: 7/7
  5379 | D:8      | Noticed a wyvern
  5381 | D:8      | Reached skill level 5 in Fighting
  5385 | D:8      | Found a blossoming altar of Fedhas.
  5401 | D:8      | Killed a wyvern
  5401 | D:8      | Reached skill level 8 in Maces & Flails
  5651 | D:8      | Gained mutation: You passively map the area around you. [Deep Dwarf growth]
  5651 | D:8      | Reached XP level 9. HP: 49/81 MP: 5/5
  5746 | D:8      | Reached ***** piety under Trog
  5994 | D:8      | Received a gift from Trog
  6073 | D:8      | Found a staircase to the Lair.
  6149 | D:8      | Reached skill level 9 in Maces & Flails
  6335 | D:8      | Reached skill level 5 in Crossbows
  6424 | D:8      | Found a white marble altar of Elyvilon.
  6425 | D:8      | Found a stormy altar of Qazlal.
  6862 | D:9      | Received a gift from Trog
  6889 | D:9      | Found Hugox's Weapon Shop.
  7051 | D:9      | You fall through a shaft for 3 floors!
  7051 | D:12     | Noticed a hill giant
  7076 | D:12     | Killed a hill giant
  7076 | D:12     | Reached XP level 10. HP: 47/92 MP: 3/3
  7092 | D:12     | Received a gift from Trog
  7092 | D:12     | Reached skill level 10 in Maces & Flails
  7110 | D:12     | Noticed a skeletal warrior
  7143 | D:12     | Killed a skeletal warrior
  7151 | D:12     | Noticed a skeletal warrior
  7151 | D:12     | Noticed a skeletal warrior
  7151 | D:12     | Noticed a skeletal warrior
  7200 | D:12     | Killed a skeletal warrior
  7201 | D:12     | Mangled by a skeletal warrior

Action                   |  1- 3 |  4- 6 |  7- 9 | 10-12 || total
-------------------------+-------+-------+-------+-------++-------
Melee: Mace              |   151 |   195 |       |       ||   346
       Flail             |       |    28 |   153 |       ||   181
       Dire flail        |       |       |   315 |    70 ||   385
 Fire: Arbalest          |       |    17 |    65 |     5 ||    87
 Abil: Device Recharging |       |     1 |     7 |     4 ||    12
Evoke: Wand              |     2 |     3 |    24 |    19 ||    48
  Use: Scroll            |     7 |     7 |     1 |       ||    15
       Potion            |     3 |     4 |     1 |       ||     8
 Stab: Distracted        |     1 |       |       |       ||     1
  Eat: Chunk             |     4 |     8 |    11 |       ||    23
       Fruit             |       |       |     2 |       ||     2
       Royal jelly       |       |       |     1 |       ||     1

Vault maps used:
D:1:      mrwooster_arrival_arrow
D:3:      lemuel_zombie_altar_yredelemnul, gup_sewer_entry_spiral, uniq_purgy,
          uniq_robin
D:4:      uniq_eustachio
D:7:      hangedman_ru_absence, kennysheep_little_box,
          minmay_temple_entry_statues_fountains, basic_altar
D:8:      fedhas_altar_1, gammafunk_temple_overflow_statue, lair_0_dummy,
          lightli_bailey_entry_fortress
D:9:      serial_shops, shop, hangedman_tree_tricks
D:12:     orc_0_dummy, serial_bayou_lagoon_a
